Map: Newkirk Precinct TE (Void)

Players

Trizztein

  • Race: Terran Terran
  • League: Diamond
  • Spawn Location: 7:00

Fernandes - Winner!

  • Race: Zerg Zerg
  • League: Diamond
  • Spawn Location: 5:00

VOD

Have the link to the VOD?

Description

Time

  • Played on: Dec. 14, 2016, 5:51 p.m.
  • Length: 10:06
Show
View Real Time Build Order
Export as new Build Order

Trizztein Terran 

Build Orders: Reaper Expand, Hellion Banshee, Mech 

Get SALT Encoding   

  12  0:00  SCV  
  13  0:13  SCV  
  14  0:19  Supply Depot  
  14  0:25  SCV  
  15  0:41  SCV  
  15  0:42  Barracks  
  16  0:46  Refinery  
  16  0:53  SCV  
  17  1:05  SCV  
  18  1:17  SCV  
  19  1:30  Reaper, Orbital Command  
  20  1:43  Command Center  
  20  1:52  Supply Depot  
  20  1:56  SCV  
  21  2:02  Marine  
  22  2:10  SCV  
  22  2:15  Factory  
  23  2:20  Refinery  
  23  2:24  Barracks Reactor  
  23  2:27  SCV  
  24  2:39  SCV  
  25  2:51  SCV  
  26  3:03  Starport, SCV  
  27  3:15  SCV  
  27  3:18  Hellion x2  
  27  3:19  Orbital Command, Barracks Tech Lab  
  32  3:28  SCV  
  33  3:34  Supply Depot  
  33  3:40  Hellion x2, SCV  
  38  3:45  SCV  
  39  3:52  SCV  
  40  3:57  SCV  
  40  3:58  Banshee, Cloaking Field  
  40  3:59  Supply Depot  
  44  4:04  SCV  
  44  4:09  SCV  
  46  4:11  Armory  
  46  4:18  SCV  
  46  4:21  SCV  
  48  4:29  Command Center  
  48  4:30  SCV  
  49  4:34  Hellion, SCV  
  49  4:36  Hellion  
  54  4:41  Banshee  
  54  4:42  SCV  
  58  4:46  Refinery, SCV  
  58  4:47  Refinery  
  59  4:54  SCV  
  59  4:58  SCV  
  61  5:00  Barracks Reactor, Factory  
  61  5:03  Factory  
  61  5:11  SCV  
  62  5:25  Supply Depot  
  62  5:26  Supply Depot  
  62  5:29  Banshee, SCV x2  
  67  5:42  SCV x2  
  69  5:54  SCV x2  
  71  6:02  Orbital Command  
  71  6:04  Supply Depot  
  71  6:06  SCV x2  
  71  6:09  Supply Depot  
  73  6:14  Factory Tech Lab  
  73  6:17  Cyclone x2  
  73  6:18  SCV x2, Terran Vehicle Weapons Level 1  
  81  6:24  Cyclone x2  
  87  6:28  Supply Depot x2  
  87  6:30  SCV x2  
  89  6:35  Orbital Command  
  89  6:37  Siege Tank  
  92  6:42  SCV x2  
  92  6:45  Refinery  
  94  6:48  Refinery  
  94  6:51  Cyclone x2  
  100  6:54  SCV x2  
  102  7:04  Barracks Reactor  
  102  7:06  SCV x2  
  104  7:20  Orbital Command  
  100  7:27  Hellion x2, Siege Tank  
  100  7:28  SCV, Raven  
  104  7:34  SCV  
  101  7:40  SCV  
  100  7:46  Hellion x2, SCV  
  100  7:50  Armory  
  105  7:52  SCV  
  105  7:53  Hellion x2, Factory  
  105  7:55  Supply Depot  
  110  7:59  Siege Tank  
  110  8:01  Infernal Pre-Igniter  
  110  8:05  Supply Depot  
  113  8:06  Widow Mine  
  113  8:07  Hellion, Supply Depot  
  113  8:09  SCV x2  
  119  8:20  Hellion  
  119  8:21  Hellion  
  119  8:22  Engineering Bay  
  123  8:28  Engineering Bay, Cyclone  
  126  8:41  SCV x2  
  128  8:43  Hellion  
  112  9:08  Hellion x3  
  114  9:13  Missile Turret  
  114  9:16  Missile Turret  
  105  9:17  Missile Turret  
  105  9:20  Missile Turret  
  105  9:21  Cyclone x2  
Show
View Real Time Build Order
Export as new Build Order

Fernandes Zerg - Winner!

Build Orders: 3 Hatch before Pool 

Get SALT Encoding   

  12  0:01  Drone  
  13  0:13  Overlord  
  13  0:19  Drone  
  14  0:31  Drone x2  
  14  0:35  Drone  
  17  0:47  Drone  
  18  0:59  Hatchery  
  18  1:01  Drone  
  18  1:22  Hatchery  
  17  1:29  Drone  
  18  1:40  Spawning Pool  
  18  1:46  Drone x2  
  19  1:49  Drone  
  20  1:58  Drone  
  21  2:07  Extractor  
  20  2:26  Queen x2  
  20  2:28  Drone x4  
  28  2:34  Drone x2  
  30  2:38  Zergling x2  
  30  2:40  Queen  
  30  2:43  Zergling x2  
  34  2:48  Overlord  
  34  3:00  Overlord  
  34  3:25  Drone x8  
  42  3:31  Drone  
  43  3:35  Extractor  
  43  3:36  Drone x4, Extractor  
  43  3:39  Extractor  
  44  3:42  Roach Warren  
  44  3:46  Drone  
  44  3:47  Drone x4  
  44  3:48  Drone  
  49  3:50  Drone  
  50  4:00  Overlord x2  
  50  4:06  Overlord  
  50  4:07  Overlord x2  
  49  4:17  Overlord x2  
  49  4:18  Queen  
  49  4:19  Extractor  
  49  4:21  Extractor  
  49  4:26  Roach x2  
  49  4:27  Extractor, Roach  
  54  4:32  Drone  
  54  4:33  Drone x3  
  54  4:37  Roach x2  
  62  4:39  Drone x4  
  62  4:40  Drone  
  62  4:44  Roach  
  69  4:51  Drone  
  70  4:58  Roach x3  
  76  5:01  Roach  
  76  5:02  Roach  
  80  5:11  Lair  
  80  5:18  Drone  
  80  5:19  Drone  
  82  5:23  Spore Crawler  
  82  5:26  Spore Crawler  
  80  5:30  Drone x2, Spore Crawler  
  80  5:31  Drone  
  80  5:32  Drone x2  
  80  5:33  Drone x2  
  86  5:37  Spore Crawler, Ravager x3  
  86  5:38  Ravager  
  86  5:40  Roach x3  
  95  5:44  Ravager  
  93  6:00  Drone x4  
  93  6:14  Overseer  
  93  6:20  Drone x5  
  93  6:22  Drone, Spire  
  93  6:24  Glial Reconstitution  
  98  6:28  Drone x7  
  105  6:38  Burrow  
  105  6:45  Evolution Chamber  
  104  6:48  Evolution Chamber  
  104  6:50  Spore Crawler  
  104  6:53  Hatchery, Spine Crawler  
  100  6:59  Overlord x2  
  100  7:00  Overlord x2  
  100  7:04  Overseer  
  72  7:43  Tunneling Claws, Mutalisk x11  
  72  7:44  Mutalisk x3  
  94  7:51  Metabolic Boost  
  94  7:56  Drone  
  94  7:57  Drone  
  96  8:02  Zerg Flyer Weapons Level 1  
  96  8:03  Zergling x10  
  101  8:16  Roach  
  101  8:19  Queen  
  105  8:21  Roach x9  
  123  8:32  Zergling x2  
  123  8:33  Zergling x14  
  120  9:17  Mutalisk  
  120  9:18  Mutalisk x8  
Tags
 
Add a new tag
Caveats
  • Supply blocks, unpowered buildings, or Contaminate may cause inaccurate times.
  • Supply counts are checked every 10 seconds.